 Dungeon Crawl Stone Soup version 0.29.0-11-gd7f09526c8 (webtiles) character file.

Game seed: 7441739727280475485

228 smilodon the Trooper (level 5, 0/47 HPs)
             Began as a Draconian Fighter on Sept 4, 2022.
             Slain by a gnoll
             ... wielding a +0 spear
              (4 damage)
             ... on level 3 of the Dungeon.
             The game lasted 00:04:42 (3551 turns).

smilodon the Trooper (Draconian Fighter)            Turns: 3551, Time: 00:04:42

Health: 0/47       AC:  5    Str: 18    XL:     5   Next: 70%
Magic:  5/5        EV: 12    Int:  9    God:
Gold:   126        SH:  4    Dex: 12    Spells: 4/4 levels left

rFire   . . .      SeeInvis .   a - +0 long sword
rCold   . . .      Faith    .   b - +0 buckler
rNeg    + . .      Spirit   .   (body armour unavailable)
rPois   .          Reflect  .   (helmet restricted)
rElec   .          Harm     .   g - scarf {shadows}
rCorr   .          Rampage  .   (no gloves)
Will    .....                   (no boots)
Stlth   +.........              (no amulet)
HPRegen 0.15/turn               n - ring of positive energy
MPRegen 0.09/turn               (no ring)

@: mighty
A: AC +5, unfitting armour, cold-blooded
a: no special abilities


You were on level 3 of the Dungeon.
You visited 1 branch of the dungeon, and saw 3 of its levels.

You collected 126 gold pieces.

Inventory:

Hand Weapons
 a - a +0 long sword (weapon)
 d - a +4 dagger
Missiles
 i - 21 stones (quivered)
Armour
 b - a +0 buckler (worn)
 g - a scarf of shadows (worn)
 j - a +0 cloak
Jewellery
 n - a ring of positive energy (left hand)
 s - a ring of protection from cold
Wands
 h - a wand of flame (25)
Scrolls
 f - 2 scrolls of teleportation
 l - 3 scrolls of amnesia
 m - 2 scrolls of fog
 o - a scroll of magic mapping {unknown}
 p - a scroll of fear {unknown}
Potions
 e - a potion of ambrosia
 k - a potion of curing
 q - a potion of lignification
 r - 2 potions of haste


   Skills:
 + Level 4.4 Fighting
 + Level 4.3 Long Blades
 + Level 3.5 Dodging
 - Level 0.2 Stealth
 + Level 3.4 Shields


You had 4 spell levels left.
You didn't know any spells.
Your spell library contained the following spells:

 Spells                   Type           Power      Damage    Failure   Level
 Freeze                   Ice            0%         1d3       47%         1
 Magic Dart               Conj           0%         1d3       47%         1
 Poisonous Vapours        Pois/Air       0%         N/A       63%         2
 Searing Ray              Conj           0%         2d4       63%         2
 Static Discharge         Conj/Air       0%         3-3/arc   63%         2
 Frozen Ramparts          Ice            0%         1d1       85%         3
 Corpse Rot               Necr/Pois/Air  0%         N/A       99%         4
 Fulminant Prism          Conj/Hex       0%         3d6       99%         4
 Hailstorm                Conj/Ice       0%         3d3       99%         4
 Lightning Bolt           Conj/Air       0%         1d11      100%        5
 Maxwell's Capacitive Co  Air            0%         ∞         100%        8


Dungeon Overview and Level Annotations

Branches:
Dungeon (3/15)

Altars:
Qazlal

Shops:
D:3 [


Innate Abilities, Weirdness & Mutations

Your plain brown scales are hard. (AC +5)
You cannot fit into any form of body armour.
You are cold-blooded and may be slowed by cold attacks.


Message History

The adder is severely wounded.
The adder barely misses you. The gnoll closely misses you.
You block the gnoll's attack. You block the adder's attack.
You closely miss the adder.
Your tail-slap misses the adder.
The adder is severely wounded.
The gnoll hits you but does no damage. The gnoll closely misses you.
You block the adder's attack. You block the gnoll's attack.
The gnoll hits you from afar with a +0 spear.
The adder bites you.
You are poisoned.
The adder poisons you!
Unknown command.
You feel sick.
You feel sick. The adder barely misses you. The adder attacks as you move away!
The adder closely misses you.
You feel sick. The adder attacks as you move away! The adder barely misses you.
You feel sick. The adder bites you but does no damage.
You feel very mighty all of a sudden.
You feel sick.
You are no longer poisoned.
The adder closely misses you. You block the gnoll's attack.
You slash the adder!
You kill the adder!
The gnoll completely misses you. The gnoll hits you with a +0 spear.
* * * LOW HITPOINT WARNING * * *
The gnoll hits you from afar with a +0 spear.
* * * LOW HITPOINT WARNING * * *
You barely miss the gnoll.
Your tail-slap misses the gnoll.
The gnoll hits you but does no damage. The gnoll misses you.
You feel better. The gnoll hits you but does no damage.
The gnoll hits you with a +0 spear.
* * * LOW HITPOINT WARNING * * *
You hit the gnoll.
Your tail-slap misses the gnoll.
The gnoll is lightly wounded.
The gnoll hits you with a +0 spear.
* * * LOW HITPOINT WARNING * * *
The gnoll hits you from afar with a +0 spear.
You die...

#....# #....#
#....# #..#.#
#..)##
#g...#...
#........
#.####### #
#.gg@...# .
#######.#### .
#.##.. .....
#.##.# ....
#..#.# #...
##.#.# #...
#...# #...
##.## ####..
#..######.....


You could see 2 gnolls.

Vanquished Creatures
  An orc priest (D:3)
  Jessica (D:2)
  An orc wizard (D:3)
  4 adders
  2 gnolls
  A worm (D:2)
  2 dart slugs (D:1)
  11 orcs
  6 endoplasms
  3 giant cockroaches
  4 goblins
  3 hobgoblins
  2 jackals (D:1)
  6 kobolds
  3 quokkas
  9 ball pythons
  6 bats
  5 frilled lizards
  9 rats
79 creatures vanquished.

Notes
Turn   | Place    | Note
-------+----------+-------------------------------------------
     0 | D:1      | smilodon the Draconian Fighter began the quest for the Orb.
     0 | D:1      | Reached XP level 1. HP: 19/19 MP: 1/1
    95 | D:1      | Reached XP level 2. HP: 26/26 MP: 2/2
   177 | D:1      | Found a faded altar of an unknown god.
   457 | D:1      | Reached XP level 3. HP: 33/33 MP: 3/3
  1272 | D:2      | Noticed Jessica
  1277 | D:2      | Killed Jessica
  1278 | D:2      | Reached XP level 4. HP: 36/40 MP: 4/4
  2549 | D:3      | Reached XP level 5. HP: 24/46 MP: 5/5
  3233 | D:3      | Found a stormy altar of Qazlal.
  3432 | D:3      | Found Inak's Armour Boutique.
  3551 | D:3      | Slain by a gnoll

Illustrated notes

Levels and vault maps discovered:
D:1:      dpeg_arrival_rhombus, layout_basic, shapermc_ecumenical_altar_ellora
D:2:      layout_basic, minmay_hedge_maze, uniq_jessica
D:3:      layout_rooms, mainiacjoe_overflow_tiny_flanked, serial_shops,
          nicolae_shop_statue_plus, nicolae_shop_advertising_works
          [nicolae_subvault_shop_adworks], minmay_bisected

Skill      XL: |  1  2  3  4  5 |
---------------+----------------+-----
Dodging        | 3 |  3.5
Fighting       | 4 |  4.4
Long Blades    | 3 4 |  4.3
Stealth        | |  0.2
Shields        | |  3.4

Action                   |  1- 3 |  4- 6 || total
-------------------------+-------+-------++-------
Melee: Long sword        |   105 |   127 ||   232
       Tailslap          |    10 |    15 ||    25
Throw: Stone             |       |     1 ||     1
  Use: Scroll            |     3 |     2 ||     5
       Potion            |     1 |     5 ||     6
 Stab: Sleeping          |     1 |       ||     1
Armor: Skin              |    28 |    53 ||    81
Dodge: Dodged            |    70 |    88 ||   158
Block: Buckler           |    25 |    39 ||    64
